 Dungeon Crawl Stone Soup version 0.16.2-3-ga078185 (webtiles) character file.

48 gorblad the Grave Robber (level 3, -1/24 HPs)
             Began as a Mummy Necromancer on Sept 6, 2015.
             Slain by Crazy Yiuf
             ... wielding a +3 quarterstaff of chaos
              (13 damage)
             ... on level 2 of the Dungeon.
             The game lasted 00:06:36 (1401 turns).

gorblad the Grave Robber (Mummy Necromancer)        Turns: 1401, Time: 00:06:36

Health: -1/24      AC:  4    Str: 11    XL:     3   Next: 50%
Magic:  0/6        EV: 12    Int: 15    God:
Gold:   35         SH:  0    Dex: 12    Spells: 1 memorised, 5 levels left

rFire  x . .     SeeInvis +     (no weapon)
rCold  + . .     Clarity  .     j - +0 robe
rNeg   + + +     SustAb   .     (no shield)
rPois  ∞         Gourm    .     f - +1 helmet {SInv}
rElec  .         Spirit   .     (no cloak)
rCorr  .         Warding  .     (no gloves)
rMut   .         Stasis   .     (no boots)
MR     .....                    (no amulet)
Stlth  ++........               (no ring)
                                (no ring)

@: not resistant to hostile enchantments, unstealthy
A: no food or potions, fire vulnerability, restore body, cold resistance 1,
negative energy resistance 3, poison resistance, torment resistance, unbreathing
a: no special abilities


You were on level 2 of the Dungeon.
You were not hungry.

You visited 1 branch of the dungeon, and saw 2 of its levels.

You collected 35 gold pieces.

Inventory:

Armour
 a - a +0 robe
 c - a +0 robe
 f - a +1 helmet of see invisible (worn)
 j - a +0 robe (worn)
Magical devices
 i - a wand of digging (3)
Scrolls
 d - a scroll of teleportation {unknown}
 e - a scroll of identify {unknown}
 g - a scroll of blinking {unknown}
 h - a scroll of magic mapping {unknown}
 k - a scroll of noise {unknown}
Books
 b - a book of Necromancy

   Spells                             Type                      Level
   a - Pain                           Necromancy                   1
   b - Animate Skeleton               Necromancy                   1
   c - Vampiric Draining              Necromancy                   3
   d - Regeneration                   Charms/Necromancy            3
   e - Animate Dead                   Necromancy                   4
   f - Control Undead                 Necromancy                   4


   Skills:
 + Level 0.2 Fighting
 + Level 1.8 Dodging
 + Level 1.6 Stealth
 + Level 0.1 Unarmed Combat
 + Level 2.3 Spellcasting
 + Level 4.8 Necromancy


You had 5 spell levels left.
You knew the following spells:

 Your Spells              Type           Power        Failure   Level  Hunger
a - Pain                  Necr           ###.         3%          1    N/A

Dungeon Overview and Level Annotations

Branches:
Dungeon (2/15)

Altars:

Annotations:
D:2 Crazy Yiuf


Innate Abilities, Weirdness & Mutations

You do not eat or drink.
Your flesh is vulnerable to fire.
Your flesh is cold resistant.
You are immune to negative energy.
Your system is resistant to poisons.
You are immune to unholy pain and torment.
You can survive without breathing.


Message History

Aim: Crazy Yiuf, wielding a quarterstaff of chaos and wearing a runed cloak (fast, chance 81%) Crazy Yiuf barely resists.
Casting: Pain
Confirm with . or Enter, or press ? or * to list all spells.
Aiming: Pain
Press: ? - help, Shift-Dir - straight line, f/p - Crazy Yiuf
Aim: Crazy Yiuf, wielding a quarterstaff of chaos and wearing a runed cloak (fast, chance 81%) Crazy Yiuf convulses in agony!
Crazy Yiuf grits, "Fluff unthinkable stair!"
Crazy Yiuf misses you.
Crazy Yiuf hits you with a quarterstaff of chaos!
Ouch! That really hurt!
You feel your power leaking away.
Casting: Pain
Confirm with . or Enter, or press ? or * to list all spells.
You don't have enough magic to cast that spell.
Unknown command.
Crazy Yiuf hits you with a quarterstaff of chaos!
Ouch! That really hurt!
You die...

#.........#..##...........
#.........##..............
#.........†.....#.....)..#
####.......##.###........#
#............#..........#
#.#################.....#
#.# #.###.# #.###♣♣♣♣♣ #.#
#.# #.#.#..♣@♣♣♣ ### #.#
#.. #.....♣.♣g.♣#...#
#.####. #......♣♣♣♣.....#
#†...#. ##..#.♣♣ ♣♣#..)#
#.%..#. ####♣♣ ### #....#.
#....#. #....#.
#######....#.
#.....÷÷.....


You could see Crazy Yiuf.

Vanquished Creatures
  3 adders (D:2)
  3 bats
  3 hobgoblins (D:1)
  3 kobolds
  A ball python (D:1)
  3 giant cockroaches
  2 giant geckos
  A giant newt (D:2)
  4 rats
23 creatures vanquished.

Notes
Turn   | Place    | Note
--------------------------------------------------------------
     0 | D:1      | gorblad, the Mummy Necromancer, began the quest for the Orb.
     0 | D:1      | Reached XP level 1. HP: 13/13 MP: 3/3
    66 | D:1      | You fall through a shaft!
   597 | D:1      | Reached XP level 2. HP: 17/19 MP: 2/4
  1045 | D:2      | Reached XP level 3. HP: 6/24 MP: 2/6
  1394 | D:2      | Noticed Crazy Yiuf
  1401 | D:2      | Slain by Crazy Yiuf

Action                   || total
-------------------------++-------
Melee: Unarmed           ||    23
 Cast: Pain              ||    41
